 Dungeon Crawl Stone Soup version 0.31-a0-1009-g454b1f1e0a (webtiles) character file.

Game seed: 18425152493456231829

381 kae the Vexing (level 6, -7/41 HPs)
             Began as a Demonspawn Enchanter on Nov 14, 2023.
             Mangled by a bullfrog (8 damage)
             ... in a sewer.
             The game lasted 00:05:14 (4359 turns).

kae the Vexing (Demonspawn Enchanter)               Turns: 4359, Time: 00:05:15

Health: -7/41      AC:  3    Str: 11    XL:     6   Next: 46%
Magic:  1/10       EV: 12    Int: 16    God:
Gold:   194        SH:  4    Dex: 13    Spells: 6/11 levels left

rFire   . . .        a - +1 dagger (heavy)
rCold   . . .        (no shield)
rNeg    . . .        b - +0 robe
rPois   .            (no helmet)
rElec   .            (no cloak)
rCorr   .            j - +0 pair of gloves
SInv    .            (no boots)
Will    .....        (no amulet)
Stlth   ++           (no ring)
HPRegen 0.26/turn    (no ring)
MPRegen 0.12/turn

%: no passive effects
@: no status effects
A: claws 2, hooves 1, condensation shield
a: no special abilities


You were in a sewer.
You visited 1 branch of the dungeon, and saw 4 of its levels.
You also visited: Sewer.

You collected 194 gold pieces.


Innate Abilities, Weirdness & Mutations

You have very sharp fingernails.
You have large cloven feet.
A meltable shield of frost defends you. (SH +4)


   Skills:
 * Level 3.5 Short Blades
 - Level 1.7 Dodging
 + Level 3.8 Stealth
 + Level 3.1 Spellcasting
 + Level 3.9 Hexes
 + Level 2.0 Ice Magic


You had 6 spell levels left.
You knew the following spells:

 Your Spells              Type           Power      Damage    Failure   Level
a - Ensorcelled Hibernat  Hex/Ice        24%        N/A       9%          2
b - Confusing Touch       Hex            15%        N/A       11%         3

Your spell library contained the following spells:

 Spells                   Type           Power      Damage    Failure   Level
 Tukima's Dance           Hex            15%        N/A       11%         3
 Dazzling Flash           Conj/Hex       16%        N/A       24%         3
 Summon Guardian Golem    Hex/Summ       8%         N/A       24%         3
 Cigotuvi's Dreadful Rot  Necr/Pois/Air  4%         N/A       28%         2
 Ignite Poison            Fire/Tmut/Pois 2%         N/A       50%         3
 Silence                  Hex/Air        4%         N/A       92%         5
 Freezing Cloud           Conj/Ice/Air   2%         6-21      98%         5
 Agony                    Necr           2%         N/A       99%         5
 Orb of Destruction       Conj           1%         9d5       100%        7
 Spellforged Servitor     Conj/Summ      1%         N/A       100%        7

Inventory:

Hand Weapons
 a - a +1 heavy dagger (weapon)
Missiles
 f - 28 stones
 g - 2 throwing nets {=f!f}
Armour
 b - a +0 robe (worn)
 j - a +0 pair of gloves (worn)
   (You found it on level 1 of the Dungeon)
Magical Staves
 m - a staff of earth {!a}
   (You found it on level 3 of the Dungeon)
Wands
 o - a wand of flame (21)
   (You found it on level 2 of the Dungeon)
Scrolls
 h - a scroll of blinking {!r}
 p - a scroll of silence {!r}
Potions
 c - 2 potions of invisibility
 d - 3 potions of brilliance {unknown}
 e - 3 potions of curing {@q1}
 i - a potion of heal wounds {unknown}
 l - a potion of attraction {!q}
 q - a potion of degeneration {unknown}

Dungeon Overview and Level Annotations

Branches:
Dungeon (4/15) Zot: 19985   Sewer (1/1) Zot: 5616
 Temple: D:4-7

Altars:
Kikubaaqudgha
Makhleb
Uskayaw

Shops:
D:3 :

Annotations:
D:3 exclusion: iron imp

≈≈≈≈≈≈~~~~~~~~~...∩.∩.#
###.~≈~~~~.~~..########
#~~≈~~########
#~~≈~~#########################
#.~≈~~~~~.......÷..............
#~~≈~~~~~~~~~~~~~~~~~~÷~~~~~~~~
#.~≈≈≈≈≈≈≈≈≈≈≈≈≈≈≈≈≈≈≈≈≈≈≈≈≈≈≈≈
#~~≈~~~~~~~~~~~†~~~~≈~~≈≈≈~~~~≈
#~≈≈~~~~......@†.~~≈~≈≈~~~~..~~
#.~≈~~#######~≈F≈≈≈≈≈~~≈≈≈≈≈~.~
#.~≈~~# #≈≈≈~≈≈≈≈≈≈≈≈≈≈≈≈≈~.~
#.~≈~.# #≈≈~≈≈≈≈≈≈~.~~≈≈≈≈~~~
#.~≈~.# #≈≈≈≈≈≈≈≈B~.~~~~≈≈≈~~~
#.~≈~~# #≈≈≈≈≈≈≈B=~.~.≈≈~≈≈≈~~
#.~≈~†# #≈≈≈≈≈≈.??:~~.~≈≈~≈~Br
#~~≈~~# #≈≈≈≈≈~~.(?...~~≈≈~≈≈B
#.~≈~~# ≈≈...≈≈~..~≈≈≈≈≈≈


You could see a bullfrog and 2 giant cockroaches.


Message History

The bullfrog hits you.
You are too injured to fight recklessly! 😮 HP[-4]
You take 4 damage, and now have 28/41 hp.
You are too injured to fight recklessly!
You are too injured to fight recklessly!
You are too injured to fight recklessly!
You are too injured to fight recklessly!
You are too injured to fight recklessly!
You are too injured to fight recklessly!
You hit the quokka. The quokka barely misses you.
The bullfrog closely misses you. The bullfrog hits you.
The quokka closely misses you.
The bullfrog closely misses you. 😮 HP[-2]
You take 2 damage, and now have 26/41 hp.
Casting: Ensorcelled Hibernation (safe; 9% risk of failure)
Confirm with . or Enter, or press ? or * to list all spells.
Aiming: Ensorcelled Hibernation (safe; 9% risk of failure)
Press: ? - help, Shift-Dir - straight line, f - bullfrog
Aim: a bullfrog (chance to affect: 45%)
The bullfrog resists with some effort.
The bullfrog closely misses you. You block the bullfrog's attack.
You block the quokka's attack.
The bullfrog barely misses you. 😮 HP[+1] MP[-2]
You lost 2 mp, and now have 8/10 mp.
Casting: Ensorcelled Hibernation (safe; 9% risk of failure)
Confirm with . or Enter, or press ? or * to list all spells.
Aiming: Ensorcelled Hibernation (safe; 9% risk of failure)
Press: ? - help, Shift-Dir - straight line, f/p - bullfrog
Aim: a bullfrog (chance to affect: 45%)
The bullfrog looks drowsy...
You block the bullfrog's attack. The quokka barely misses you.
The bullfrog hits you. 😮 HP[-2] MP[-2]
You take 2 damage, and now have 25/41 hp.
You lost 2 mp, and now have 6/10 mp.
The helpless bullfrog fails to defend itself.
You impale the bullfrog!!
You kill the bullfrog!
The quokka misses you. The bullfrog barely misses you.
The quokka closely misses you. The bullfrog hits you.
Your Ice Magic skill increases to level 2! 😮 HP[-4]
You take 4 damage, and now have 21/41 hp.
Casting: Ensorcelled Hibernation (safe; 9% risk of failure)
Confirm with . or Enter, or press ? or * to list all spells.
Aiming: Ensorcelled Hibernation (safe; 9% risk of failure)
Press: ? - help, Shift-Dir - straight line, f - quokka
Aim: a quokka (almost dead, chance to affect: 63%)
The quokka resists with significant effort.
The bullfrog barely misses you. The quokka closely misses you. 😮 MP[-2]
You lost 2 mp, and now have 4/10 mp.
You barely miss the quokka. Your kick misses the quokka. The bullfrog hits you.
* * * LOW HITPOINT WARNING * * *
The quokka barely misses you. The bullfrog hits you.
* * * LOW HITPOINT WARNING * * *
😨 HP[-6]
You take 6 damage, and now have 15/41 hp.
You closely miss the quokka. Your kick misses the quokka. You punch the quokka.
You kill the quokka!
The bullfrog closely misses you. You block the bullfrog's attack.
Casting: Ensorcelled Hibernation (safe; 9% risk of failure)
Confirm with . or Enter, or press ? or * to list all spells.
Aiming: Ensorcelled Hibernation (safe; 9% risk of failure)
Press: ? - help, Shift-Dir - straight line, f - bullfrog
Aim: a bullfrog (water, heavily wounded, chance to affect: 46%)
The bullfrog resists with some effort.
The bullfrog barely misses you. 😨 MP[-2]
You lost 2 mp, and now have 2/10 mp.
Casting: Ensorcelled Hibernation (safe; 9% risk of failure)
Confirm with . or Enter, or press ? or * to list all spells.
Aiming: Ensorcelled Hibernation (safe; 9% risk of failure)
Press: ? - help, Shift-Dir - straight line, f/p - bullfrog
Aim: a bullfrog (water, heavily wounded, chance to affect: 46%)
The bullfrog resists with some effort.
The bullfrog hits you!
* * * LOW HITPOINT WARNING * * *
The bullfrog hits you.
* * * LOW HITPOINT WARNING * * *
😱 HP[-8] MP[-1]
You take 8 damage, and now have 7/41 hp.
You lost 1 mp, and now have 1/10 mp.
Casting: Ensorcelled Hibernation (safe; 9% risk of failure)
Confirm with . or Enter, or press ? or * to list all spells.
You don't have enough magic to cast this spell.
You hit the bullfrog. You block the bullfrog's attack.
The bullfrog barely misses you.
You hit the bullfrog. The bullfrog hits you.
* * * LOW HITPOINT WARNING * * *
The bullfrog hits you.
* * * LOW HITPOINT WARNING * * *
😱 HP[-3]
You take 3 damage, and now have 4/41 hp.
Casting: Ensorcelled Hibernation (safe; 9% risk of failure)
Confirm with . or Enter, or press ? or * to list all spells.
You don't have enough magic to cast this spell.
You completely miss the bullfrog. Your kick misses the bullfrog.
The bullfrog hits you.
* * * LOW HITPOINT WARNING * * *
The bullfrog hits you!
You die...

Skill      XL: |  1  2  3  4  5  6 |
---------------+-------------------+-----
Short Blades   | 1 2 3 |  3.5
Stealth        | 3 |  3.8
Ice Magic      | 1 2 |  2.0
Spellcasting   | 3 |  3.1
Dodging        | |  1.7
Hexes          | |  3.9

Action                     |  1- 3 |  4- 6 || total
---------------------------+-------+-------++-------
  Melee: Dagger            |   117 |   274 ||   391
         Punch             |     2 |     4 ||     6
         Kick              |       |    50 ||    50
   Cast: Ensorcelled Hiber |     7 |    26 ||    33
         Confusing Touch   |       |     3 ||     3
    Use: Scroll            |     3 |     6 ||     9
   Stab: Sleeping          |    12 |    18 ||    30
         Confused          |       |     2 ||     2
 Armour: Robe              |    53 |   134 ||   187
  Dodge: Dodged            |    85 |   169 ||   254
  Block: Other             |    30 |    50 ||    80

Levels and vault maps discovered:
D:1:      spicycebolla_arrival_xxxplode, layout_basic
D:2:      layout_loops_corners, shapermc_ecumenical_altar_mp_vishouse,
          amcnicky_mini_pool_small, minmay_hexomino_u4, uniq_terence
D:3:      layout_basic, demons_altar, mainiacjoe_overflow_big_doors,
          serial_shops, nicolae_shop_pleasant_corner_grove
D:4:      layout_loops_ring, portal_sewer_entry_e
Sewer:    sewer_frog_island_01

Notes
Turn   | Place    | Note
-------+----------+-------------------------------------------
     0 | D:1      | kae the Demonspawn Enchanter began the quest for the Orb.
     0 | D:1      | Reached XP level 1. HP: 13/13 MP: 3/3
     0 | D:1      | magus.rc [v1.11.3]
    58 | D:1      | Reached skill level 1 in Short Blades
   189 | D:1      | HP: 3/13 [constriction (1)]
   299 | D:1      | Gained mutation: A meltable shield of frost defends you.
                  | (SH +4) [demonic ancestry]
   299 | D:1      | Reached XP level 2. HP: 19/19 MP: 5/5
   332 | D:1      | Learned a level 2 spell: Ensorcelled Hibernation
   647 | D:1      | HP: 4/19 [giant cockroach (1)]
   654 | D:1      | Reached skill level 3 in Stealth
  1156 | D:2      | Reached XP level 3. HP: 24/24 MP: 6/6
  1160 | D:2      | Learned a level 3 spell: Confusing Touch
  1352 | D:2      | Reached skill level 2 in Short Blades
  1364 | D:2      | Identified the +1 sling of Propriety {freeze, rC+}
  1379 | D:2      | Noticed Terence
  1616 | D:3      | You feel monstrous as your demonic heritage exerts itself.
  1616 | D:3      | Discovered your monstrous ancestry.
  1616 | D:3      | Gained mutation: You have sharp fingernails. [demonic
                  | ancestry]
  1616 | D:3      | Reached XP level 4. HP: 20/30 MP: 2/7
  1837 | D:3      | Reached skill level 1 in Ice Magic
  2366 | D:3      | Found a burning altar of Makhleb.
  2418 | D:3      | Gained mutation: You have large cloven feet. [demonic
                  | ancestry]
  2418 | D:3      | Reached XP level 5. HP: 21/35 MP: 5/9
  2574 | D:3      | Found Sesoitau's Book Boutique.
  2796 | D:3      | You pick up a book of the Senses and begin reading...
  2796 | D:3      | You add the spells Agony and Silence to your library.
  2845 | D:3      | Found an ancient bone altar of Kikubaaqudgha.
  2846 | D:3      | Found a hide-covered altar of Uskayaw.
  3364 | D:2      | You add the spells Cigotuvi's Dreadful Rot, Ignite Poison
                  | and Freezing Cloud to your library.
  3371 | D:2      | You pick up a book of Dangerous Friends and begin
                  | reading...
  3371 | D:2      | You add the spells Summon Guardian Golem, Orb of
                  | Destruction and Spellforged Servitor to your library.
  3478 | D:2      | HP: 4/35 [Terence/+0 hand axe (8)]
  3480 | D:2      | Killed Terence
  3481 | D:2      | Reached skill level 3 in Short Blades
  3661 | D:2      | Found a faded altar of an unknown god.
  3892 | D:4      | HP: 8/35 [poisoned by an adder]
  3960 | D:4      | Reached skill level 3 in Spellcasting
  3976 | D:4      | Found a glowing drain.
  3980 | D:4      | Gained mutation: You have very sharp fingernails. [demonic
                  | ancestry]
  3980 | D:4      | Reached XP level 6. HP: 25/41 MP: 3/10
  4034 | Sewer    | Entered a sewer
  4352 | Sewer    | Reached skill level 2 in Ice Magic
  4356 | Sewer    | HP: 8/41 [bullfrog (8)]
  4359 | Sewer    | HP: 1/41 [bullfrog (4)]
  4359 | Sewer    | Mangled by a bullfrog

Vanquished Creatures
  A bullfrog (Sewer)
  2 iron imps (D:3)
  Terence (D:2)
  9 adders
  4 gnolls
  2 river rats (D:4)
  3 worms
  A dart slug (D:1)
  4 ball pythons
  6 endoplasms
  11 giant cockroaches
  5 goblins
  10 hobgoblins
  2 jackals (D:4)
  4 kobolds
  10 quokkas
  5 bats
  8 frilled lizards
  9 rats
97 creatures vanquished.

Table legend:
 A = Non-vault XP
 B = Vault XP
 C = Vault XP percentage of total XP
 D = Non-vault monster count
 E = Vault monster count
 F = Vault count percentage of total count
                 A         B        C        D         E       F
            +---------+---------+-------+---------+---------+-------
      Total |     230 |     315 |  57.8 |      60 |      37 |  38.1
            +---------+---------+-------+---------+---------+-------
        D:1 |      36 |       0 |   0.0 |      19 |       0 |   0.0
        D:2 |      46 |      38 |  45.2 |      11 |       4 |  26.7
        D:3 |     110 |      78 |  41.5 |      22 |       2 |   8.3
        D:4 |      38 |      49 |  56.3 |       8 |       8 |  50.0
      Sewer |       0 |     150 | 100.0 |       0 |      23 | 100.0
            +---------+---------+-------+---------+---------+-------

Skill      XL: |  1  2  3  4  5  6 |
---------------+-------------------+-----
Short Blades   | 1 2 3 |  3.5
Stealth        | 3 |  3.8
Ice Magic      | 1 2 |  2.0
Spellcasting   | 3 |  3.1
Dodging        | |  1.7
Hexes          | |  3.9

Action                     |  1- 3 |  4- 6 || total
---------------------------+-------+-------++-------
  Melee: Dagger            |   117 |   274 ||   391
         Punch             |     2 |     4 ||     6
         Kick              |       |    50 ||    50
   Cast: Ensorcelled Hiber |     7 |    26 ||    33
         Confusing Touch   |       |     3 ||     3
    Use: Scroll            |     3 |     6 ||     9
   Stab: Sleeping          |    12 |    18 ||    30
         Confused          |       |     2 ||     2
 Armour: Robe              |    53 |   134 ||   187
  Dodge: Dodged            |    85 |   169 ||   254
  Block: Other             |    30 |    50 ||    80

Illustrated notes

Table legend:
 A = Kills in this place as a percentage of kills in the entire game.
 B = Kills by you in this place as a percentage of kills by you in the entire game.
 C = Kills by friends in this place as a percentage of kills by friends in the entire game.
 D = Other kills in this place as a percentage of other kills in the entire game.
 E = Experience gained in this place as a percentage of experience gained in the entire game.
 F = Experience gained in this place divided by the number of levels of this place that you have seen.
                   A       B       C       D       E      F
               +-------+-------+-------+-------+-------+----------------------
         Total | 100.0 | 100.0 |   N/A |   N/A | 100.0 | 109.0
       Dungeon |  76.3 |  76.3 |   N/A |   N/A |  72.5 |  98.8
         Sewer |  23.7 |  23.7 |   N/A |   N/A |  27.5 | 150.0
               +-------+-------+-------+-------+-------+----------------------

Table legend: (Time is in decaauts)
 A = Elapsed time spent in this place.
 B = Non-inter-level travel time spent in this place.
 C = Inter-level travel time spent in this place.
 D = Time resting spent in this place.
 E = Time spent auto-exploring this place.
 F = Levels seen in this place.
 G = Mean time per level.
                   A        B        C        D        E       F      G
               +--------+--------+--------+--------+--------+-----+--------+
         Total |   4397 |   4289 |    108 |    347 |   2761 |   5 |  879.4 |
       Dungeon |   4014 |   3906 |    108 |    344 |   2659 |   4 | 1003.5 |
         Sewer |    382 |    382 |      0 |      3 |    102 |   1 |  382.0 |
               +--------+--------+--------+--------+--------+-----+--------+

Top non-repeatable levels by time:
     D:3: 1517 daAuts
     D:2: 1214 daAuts
     D:1: 1027 daAuts
   Sewer: 382 daAuts
     D:4: 254 daAuts
